 Dungeon Crawl Stone Soup version 0.24.1 (webtiles) character file.

Game seed: 12459612224003432820, levelgen mode: deterministic

28 Kaiern the Caller (level 3, -9/26 HPs)
             Began as a Human Summoner on Mar 28, 2020.
             Killed by divine providence
             ... invoked by an orc priest
              (12 damage)
             ... on level 2 of the Dungeon.
             The game lasted 00:05:43 (1034 turns).

Kaiern the Caller (Human Summoner)                  Turns: 1034, Time: 00:05:46

Health: -9/26      AC:  2    Str:  9    XL:     3   Next: 27%
Magic:  3/6        EV: 12    Int: 15    God:
Gold:   69         SH:  0    Dex: 13    Spells: 3/6 levels left

rFire    . . .     SeeInvis .   i - +0 dagger
rCold    . . .     Gourm    .   (no shield)
rNeg     . . .     Faith    .   a - +0 robe
rPois    .         Spirit   .   (no helmet)
rElec    .         Reflect  .   (no cloak)
rCorr    .         Harm     .   (no gloves)
MR       .....                  (no boots)
Stlth    ++........             (no amulet)
HPRegen  0.08/turn              (no ring)
MPRegen  0.10/turn              (no ring)

@: no status effects
A: no striking features
a: no special abilities


You were on level 2 of the Dungeon.
You were not hungry.

You visited 1 branch of the dungeon, and saw 2 of its levels.

You collected 69 gold pieces.

Inventory:

Hand Weapons
 i - a +0 dagger (weapon)
Armour
 a - a +0 robe (worn)
 e - a +0 cloak
Scrolls
 g - a scroll of noise {unknown}
Potions
 b - a potion of haste {unknown}
 d - 2 potions of mutation {unknown}
 h - a potion of ambrosia {unknown}
 j - a potion of magic {unknown}
 k - a potion of agility {unknown}
 l - a potion of berserk rage {unknown}
Comestibles
 c - 4 rations
 f - 2 chunks of flesh


   Skills:
 + Level 1.0 Fighting
 + Level 2.3 Dodging
 - Level 2.0 Stealth
 + Level 2.3 Spellcasting
 + Level 4.3 Summonings


You had 3 spell levels left.
You knew the following spells:

 Your Spells              Type           Power        Failure   Level  Hunger
a - Summon Small Mammal   Summ           ##..         3%          1    #......
b - Call Imp              Summ           ##......     5%          2    ###....

Your spell library contained the following spells:

 Spells                   Type           Power        Failure   Level  Hunger
 Call Canine Familiar     Summ           ##......     11%         3    ###....
 Summon Guardian Golem    Hex/Summ       #.......     26%         3    ###....
 Summon Ice Beast         Ice/Summ       #.......     65%         4    #####..
 Summon Lightning Spire   Summ/Air       #.......     65%         4    #####..


Dungeon Overview and Level Annotations

Branches:
Dungeon (2/15)

Altars:
Uskayaw
Xom

Annotations:
D:2 Robin


Message History

Beogh smites you!
Ouch! That really hurt!
The goblin misses your crimson imp. The orc wizard barely misses you.
You closely miss the orc wizard.
The orc wizard gestures wildly while chanting.
The orc wizard blinks!
The orc wizard completely misses you.
The goblin hits your crimson imp with a +0 club.
You barely miss the orc wizard. The orc wizard closely misses you. x2
You barely miss the orc wizard.
The orc wizard hits you with a +0 dagger.
* * * LOW HITPOINT WARNING * * *
You barely miss the orc wizard.
The orc wizard points at you and mumbles some strange words.
The magic dart hits you.
* * * LOW HITPOINT WARNING * * *
The orc priest invokes the aid of Beogh against you.
Beogh smites you!
You die...

.....g###g.....#
##### #5)..#.#
#..†.#.# #...o#.#
####'#.# #.g...##
#.5....# #......#
####@5....#######
.......o...........#
####.........#####.#
#.....##÷.# #.#
#.....###.# #.#
#.......#.#####.###
#.
#.......#..##.....#
##.
#..........##.#####
... #......._..##.#


You could see an orc priest, an orc wizard, a goblin, a friendly crimson imp and
a friendly white imp.

Vanquished Creatures
  4 goblins
  A kobold (D:1)
  2 bats
7 creatures vanquished.

Vanquished Creatures (collateral kills)
  A worm (D:2)
  A leopard gecko (D:1)
  An orc (D:2)
  4 bats
  A giant cockroach (D:1)
  4 goblins (D:2)
  3 hobgoblins (D:2)
  2 kobolds (D:1)
  A ball python (D:1)
  2 frilled lizards
  4 rats
24 creatures vanquished.

Grand Total: 31 creatures vanquished

Notes
Turn   | Place    | Note
-------+----------+-------------------------------------------
     0 | D:1      | Kaiern the Human Summoner began the quest for the Orb.
     0 | D:1      | Reached XP level 1. HP: 13/13 MP: 3/3
   163 | D:1      | Reached XP level 2. HP: 19/19 MP: 0/5
   303 | D:1      | Learned a level 2 spell: Call Imp
   788 | D:2      | Found a shimmering altar of Xom.
   795 | D:2      | Found a hide-covered altar of Uskayaw.
   851 | D:2      | Reached XP level 3. HP: 22/25 MP: 0/6
  1010 | D:2      | Reached skill level 1 in Fighting
  1010 | D:2      | Noticed Robin
  1034 | D:2      | Killed from afar by an orc priest

Levels and vault maps discovered:
D:1:      dpeg_arrival_refuge, layout_loops_ring
D:2:      layout_basic, grunt_temple_overflow_open, uniq_crazy_yiuf_cottage,
          uniq_robin

Skill      XL: |  1  2  3 |
---------------+----------+-----
Fighting       | 1 |  1.0
Dodging        | |  2.3
Stealth        | |  2.0
Spellcasting   | |  2.3
Summonings     | |  4.3

Action                   || total
-------------------------++-------
Melee: Unarmed           ||     3
       Dagger            ||    42
 Cast: Summon Small Mamm ||    15
       Call Imp          ||    10
 Stab: Sleeping          ||     2
  Eat: Chunk             ||     1
Armor: Robe              ||    19
Dodge: Dodged            ||    47
